[ AOE2 MATCH · #505206357 ]
UnrankedSpanish vs Celts
Player's team · WIN
Rival team · LOSS
[ REPLAY ANALYSIS · EXTRACTED FROM THE RECORDED GAME ]
Feudal
13:57
Castle
17:47
Imperial
—
| APM avg | 42.3 |
| APM peak | 78 |
| eAPM avg | 19.5 |
| Villagers / military | 51 / 13 |
Focus
⚔️ 23.6% · 🌾 76.4%
Conquistador ×11 · Missionary ×2
Feudal
13:07
Castle
18:30
Imperial
—
| APM avg | 44.0 |
| APM peak | 86 |
| eAPM avg | 20.5 |
| Villagers / military | 47 / 7 |
Focus
⚔️ 25.4% · 🌾 74.6%
Monk ×7
Match map
Initial resources + every placement click. Lines = walls · curves = elevation contours. ◆ gold · ⬟ stone · ● berries · ✦ relic · ◌ wall gap
Your base· Open — 9t gap
_TieuQuy's base· Open — unwalled flank
Smoothed initial terrain · ◌ = detected wall gap · hover for details
Inputs per minute
— RoR | Benanji - - _TieuQuy
Build order — RoR | Benanji
115 actions detected in the replay
| 0:29 | Build | Town Center |
| 0:37 | Build | House |
| 2:14 | Build | Palisade Wall |
| 2:24 | Build | Palisade Wall |
| 2:37 | Queue | Villager (Male) |
| 2:37 | Queue | Villager (Male) |
| 2:37 | Queue | Villager (Male) |
| 2:46 | Queue | Villager (Male) |
| 2:46 | Queue | Villager (Male) |
| 3:55 | Build | House |
| 4:10 | Research | Loom |
| 4:17 | Queue | Villager (Male) |
| 4:18 | Queue | Villager (Male) |
| 4:38 | Queue | Villager (Male) |
| 4:39 | Queue | Villager (Male) |
| 5:23 | Queue | Villager (Male) |
| 5:23 | Queue | Villager (Male) |
| 5:25 | Build | Mill |
| 5:39 | Queue | Villager (Male) |
| 6:18 | Build | House |
| 6:38 | Queue | Villager (Male) |
| 6:49 | Queue | Villager (Male) |
| 6:50 | Queue | Villager (Male) |
| 7:08 | Build | Palisade Wall |
| 7:11 | Build | Palisade Wall |
| 7:15 | Queue | Villager (Male) |
| 7:25 | Queue | Villager (Male) |
| 7:32 | Queue | Villager (Male) |
| 8:22 | Build | Mining Camp |
| 8:34 | Queue | Villager (Male) |
| 9:00 | Queue | Villager (Male) |
| 9:10 | Queue | Villager (Male) |
| 9:10 | Queue | Villager (Male) |
| 9:20 | Build | House |
| 9:28 | Queue | Villager (Male) |
| 10:00 | Queue | Villager (Male) |
| 10:35 | Build | Mill |
| 10:38 | Queue | Villager (Male) |
| 10:39 | Queue | Villager (Male) |
| 11:22 | Build | House |
| 11:36 | Research | Feudal Age |
| 11:39 | Build | Mining Camp |
| 11:55 | Queue | Villager (Male) |
| 11:55 | Queue | Villager (Male) |
| 12:49 | Build | House |
| 13:04 | Build | Palisade Wall |
| 13:08 | Build | Palisade Wall |
| 13:13 | Build | Palisade Wall |
| 13:15 | Build | Palisade Wall |
| 13:20 | Build | Palisade Wall |
| 13:57 | Age | Feudal Age |
| 14:05 | Build | Market |
| 14:09 | Build | Blacksmith |
| 15:03 | Build | Lumber Camp |
| 15:07 | Research | Castle Age |
| 15:08 | Research | Castle Age |
| 15:17 | Build | House |
| 16:06 | Research | Double-Bit Axe |
| 16:08 | Research | Horse Collar |
| 16:23 | Build | Farm |
| 16:40 | Build | Farm |
| 16:59 | Build | Farm |
| 17:06 | Queue | Villager (Male) |
| 17:23 | Build | Outpost |
| 17:47 | Age | Castle Age |
| 17:57 | Build | Castle |
| 18:01 | Queue | Villager (Male) |
| 18:07 | Build | Monastery |
| 18:17 | Build | Farm |
| 18:19 | Queue | Villager (Male) |
| 18:34 | Queue | Conquistador |
| 18:34 | Queue | Conquistador |
| 18:38 | Queue | Conquistador |
| 18:45 | Build | Mill |
| 18:47 | Queue | Missionary |
| 19:04 | Queue | Villager (Male) |
| 19:23 | Build | Farm |
| 19:27 | Queue | Conquistador |
| 20:02 | Queue | Villager (Male) |
| 20:03 | Queue | Villager (Male) |
| 20:29 | Queue | Villager (Male) |
| 20:30 | Queue | Villager (Male) |
| 20:35 | Build | Farm |
| 20:37 | Queue | Missionary |
| 20:40 | Research | Sanctity |
| 20:50 | Build | Farm |
| 20:53 | Build | Farm |
| 20:55 | Queue | Villager (Male) |
| 20:55 | Queue | Villager (Male) |
| 20:59 | Build | Farm |
| 21:01 | Build | Farm |
| 21:03 | Build | Farm |
| 21:09 | Build | Mill |
| 21:11 | Queue | Villager (Male) |
| 21:13 | Queue | Conquistador |
| 21:29 | Queue | Villager (Male) |
| 21:29 | Queue | Villager (Male) |
| 21:56 | Queue | Villager (Male) |
| 22:07 | Research | Devotion |
| 22:28 | Queue | Villager (Male) |
| 22:28 | Queue | Villager (Male) |
| 22:39 | Queue | Villager (Male) |
| 22:44 | Queue | Conquistador |
| 22:44 | Queue | Conquistador |
| 22:53 | Queue | Villager (Male) |
| 23:01 | Build | Town Center |
| 23:10 | Queue | Villager (Male) |
| 23:14 | Queue | Villager (Male) |
| 23:15 | Queue | Conquistador |
| 23:15 | Queue | Conquistador |
| 23:16 | Queue | Villager (Male) |
| 23:35 | Queue | Villager (Male) |
| 23:44 | Queue | Conquistador |
| 23:45 | Queue | Conquistador |
| 23:54 | Queue | Villager (Male) |
Build order — _TieuQuy
115 actions detected in the replay
| 0:40 | Build | Town Center |
| 2:11 | Build | House |
| 2:24 | Queue | Villager (Male) |
| 2:25 | Queue | Villager (Male) |
| 2:25 | Queue | Villager (Male) |
| 2:25 | Queue | Villager (Male) |
| 2:25 | Queue | Villager (Male) |
| 3:47 | Queue | Villager (Male) |
| 3:48 | Queue | Villager (Male) |
| 3:56 | Build | House |
| 4:09 | Build | House |
| 4:22 | Build | House |
| 4:26 | Queue | Villager (Male) |
| 4:27 | Queue | Villager (Male) |
| 4:37 | Build | House |
| 4:46 | Queue | Villager (Male) |
| 4:46 | Queue | Villager (Male) |
| 5:00 | Queue | Villager (Male) |
| 5:01 | Queue | Villager (Male) |
| 5:09 | Build | Palisade Wall |
| 5:12 | Build | House |
| 5:30 | Queue | Villager (Male) |
| 5:30 | Queue | Villager (Male) |
| 5:43 | Build | Mill |
| 5:50 | Queue | Villager (Male) |
| 5:51 | Queue | Villager (Male) |
| 6:23 | Queue | Villager (Male) |
| 6:47 | Queue | Villager (Male) |
| 7:07 | Research | Loom |
| 7:27 | Queue | Villager (Male) |
| 7:35 | Build | Lumber Camp |
| 7:56 | Queue | Villager (Male) |
| 8:20 | Queue | Villager (Male) |
| 8:30 | Build | Mill |
| 8:42 | Queue | Villager (Male) |
| 9:06 | Queue | Villager (Male) |
| 9:11 | Build | Farm |
| 9:36 | Build | Farm |
| 9:40 | Build | Outpost |
| 9:43 | Queue | Villager (Male) |
| 10:04 | Build | House |
| 10:22 | Queue | Villager (Male) |
| 10:35 | Build | Mill |
| 10:40 | Build | Farm |
| 10:57 | Research | Feudal Age |
| 10:57 | Research | Feudal Age |
| 11:16 | Build | House |
| 11:18 | Build | House |
| 11:21 | Build | House |
| 11:25 | Build | Barracks |
| 11:49 | Build | Mill |
| 12:26 | Queue | Villager (Male) |
| 12:57 | Queue | Villager (Male) |
| 13:07 | Age | Feudal Age |
| 13:09 | Research | Double-Bit Axe |
| 13:09 | Research | Double-Bit Axe |
| 13:11 | Research | Town Watch |
| 13:44 | Queue | Villager (Male) |
| 14:01 | Build | Blacksmith |
| 14:17 | Queue | Villager (Male) |
| 14:22 | Build | Market |
| 14:43 | Queue | Villager (Male) |
| 15:10 | Queue | Villager (Male) |
| 15:15 | Build | Mining Camp |
| 15:50 | Research | Castle Age |
| 15:50 | Research | Castle Age |
| 16:41 | Build | House |
| 16:43 | Build | House |
| 16:46 | Research | Gold Mining |
| 17:26 | Queue | Villager (Male) |
| 17:57 | Build | House |
| 18:30 | Age | Castle Age |
| 18:32 | Build | University |
| 18:34 | Build | Monastery |
| 18:37 | Build | Monastery |
| 18:39 | Research | Bow Saw |
| 18:39 | Research | Bow Saw |
| 18:41 | Queue | Villager (Male) |
| 18:59 | Queue | Monk |
| 19:12 | Queue | Monk |
| 19:15 | Build | Town Center |
| 19:18 | Build | House |
| 19:27 | Queue | Villager (Male) |
| 19:33 | Build | House |
| 19:48 | Build | House |
| 20:07 | Queue | Villager (Male) |
| 20:08 | Queue | Villager (Male) |
| 20:22 | Queue | Monk |
| 20:26 | Research | Gold Shaft Mining |
| 20:27 | Research | Gold Shaft Mining |
| 20:29 | Queue | Villager (Male) |
| 20:41 | Build | House |
| 20:45 | Queue | Villager (Male) |
| 20:49 | Queue | Villager (Male) |
| 20:49 | Queue | Villager (Male) |
| 20:49 | Queue | Villager (Male) |
| 20:54 | Queue | Monk |
| 21:06 | Research | Fervor |
| 21:06 | Research | Fervor |
| 21:22 | Build | House |
| 21:25 | Queue | Villager (Male) |
| 21:32 | Queue | Monk |
| 22:10 | Queue | Monk |
| 22:10 | Queue | Monk |
| 22:42 | Queue | Villager (Male) ×3 |
| 22:47 | Build | Archery Range |
| 22:58 | Build | Mining Camp |
| 23:39 | Research | Elite Skirmisher (upgrade) |
| 23:40 | Build | Archery Range |
| 23:40 | Queue | Villager (Male) |
| 23:41 | Build | Farm |
| 23:42 | Build | Farm |
| 23:42 | Build | Farm |
| 23:42 | Build | Farm |
| 23:42 | Build | Farm |
Match timeline
| 2:14 | RoR | Benanji · wall_segment Palisade Wall x1 |
| 2:24 | RoR | Benanji · wall_segment Palisade Wall x1 |
| 5:09 | _TieuQuy · wall_segment Palisade Wall x1 |
| 7:08 | RoR | Benanji · wall_segment Palisade Wall x1 |
| 7:11 | RoR | Benanji · wall_segment Palisade Wall x1 |
| 11:25 | _TieuQuy · first_building Barracks |
| 13:04 | RoR | Benanji · wall_segment Palisade Wall x1 |
| 13:07 | _TieuQuy · age_up feudal |
| 13:08 | RoR | Benanji · wall_segment Palisade Wall x1 |
| 13:13 | RoR | Benanji · wall_segment Palisade Wall x1 |
| 13:15 | RoR | Benanji · wall_segment Palisade Wall x1 |
| 13:20 | RoR | Benanji · wall_segment Palisade Wall x1 |
| 13:57 | RoR | Benanji · age_up feudal |
| 15:29 | _TieuQuy · first_market_sell 100 stone |
| 17:47 | RoR | Benanji · age_up castle |
| 17:57 | RoR | Benanji · first_building Castle |
| 18:07 | RoR | Benanji · first_building Monastery |
| 18:30 | _TieuQuy · age_up castle |
| 18:34 | _TieuQuy · first_building Monastery |
| 18:37 | RoR | Benanji · first_market_buy 100 food |
| 18:58 | _TieuQuy · first_market_buy 100 stone |
| 22:43 | RoR | Benanji · first_market_sell 100 wood |
| 22:47 | _TieuQuy · first_building Archery Range |
| 23:54 | _TieuQuy · resign |
[ AI ANALYSIS · 1 CREDIT ]
What really happened in this match?
Wolo.gg analyzes every decision: build order, eco, micro, common mistakes by bracket. Personalized analysis on WhatsApp or Discord in 30 seconds.
Civ guide
Spanish
Perfil
Jugador #2463959